SL
CHICAGO GOLD SOX @ WIZARDING AC RAVENCLAWS
07/08/2019
 
TOP OF THE 1ST
Chicago Gold Sox batting - Pitching for Wizarding AC Ravenclaws : RHP Tom Reynolds
Pitching: RHP Tom Reynolds
Batting: RHB Daniel Lallanilla 0-0: Ball
1-0: Called Strike
1-1: Ball
2-1: Foul Ball, location: 2F
2-2: Ground out 1-3 (Groundball, 13S)
Batting: RHB Pablo Trujillo 0-0: Bunt for hit - play at first, batter OUT! 5-3
Batting: RHB Chris Smith 0-0: Foul Ball, location: 2F
0-1: Ground out 5-3 (Groundball, 5L)
Top of the 1st over - 0 run(s), 0 hit(s), 0 error(s), 0 left on base; Chicago 0 - Wizarding AC 0
BOTTOM OF THE 1ST
Wizarding AC Ravenclaws batting - Pitching for Chicago Gold Sox : RHP Ralph McKinney
Pitching: RHP Ralph McKinney
Batting: LHB Jerry Harris 0-0: Ball
1-0: Ground out 6-3 (Groundball, 6)
Batting: LHB William Wise 0-0: Ball
1-0: Called Strike
1-1: Ball
2-1: Swinging Strike
2-2: Ground out 5-3 (Groundball, 56S)
Batting: RHB Pedro Cruz 0-0: Ball
1-0: Ball
2-0: DOUBLE (Flyball, 89XD)
Batting: LHB Dave Lee 0-0: Foul Ball, location: 2F
0-1: Swinging Strike
0-2: Ball
1-2: Ball
2-2: Ground out 4-3 (Groundball, 4)
Bottom of the 1st over - 0 run(s), 1 hit(s), 0 error(s), 1 left on base; Chicago 0 - Wizarding AC 0
TOP OF THE 2ND
Chicago Gold Sox batting - Pitching for Wizarding AC Ravenclaws : RHP Tom Reynolds
Batting: LHB Herman Hayes 0-0: Ball
1-0: Foul Ball, location: 2F
1-1: Swinging Strike
1-2: Strikes out looking
Batting: LHB Noel Ballard 0-0: Ball
1-0: Foul Ball, location: 2F
1-1: Ground out 6-3 (Groundball, 6)
Batting: RHB Tyrone Scott 0-0: Foul Ball, location: 2F
0-1: Ball
1-1: Ball
2-1: Ball
3-1: Ground out 5-3 (Groundball, 5S)
Top of the 2nd over - 0 run(s), 0 hit(s), 0 error(s), 0 left on base; Chicago 0 - Wizarding AC 0
BOTTOM OF THE 2ND
Wizarding AC Ravenclaws batting - Pitching for Chicago Gold Sox : RHP Ralph McKinney
Batting: LHB Walter Kirk 0-0: Ball
1-0: Foul Ball, location: 2F
1-1: Ball
2-1: Ball
3-1: Ground out 3-1 (Groundball, 34)
Batting: RHB Pablo León 0-0: Ball
1-0: Ball
2-0: Called Strike
2-1: Called Strike
2-2: Strikes out looking
Batting: RHB Juan Torres 0-0: Called Strike
0-1: Ball
1-1: Called Strike
1-2: Strikes out swinging
Bottom of the 2nd over - 0 run(s), 0 hit(s), 0 error(s), 0 left on base; Chicago 0 - Wizarding AC 0
TOP OF THE 3RD
Chicago Gold Sox batting - Pitching for Wizarding AC Ravenclaws : RHP Tom Reynolds
Batting: LHB Adrián Rodríguez 0-0: Swinging Strike
0-1: Swinging Strike
0-2: Strikes out looking
Batting: RHB José Ramos 0-0: Ball
1-0: SINGLE (Flyball, 9S)
Batting: RHB Ralph McKinney 0-0: Sac Bunt - play at second, runner OUT! 5-6
Batting: RHB Daniel Lallanilla 0-0: Called Strike
0-1: Foul Ball, location: 2F
0-2: Ball
1-2: Foul Ball, location: 2F
1-2: Ball
2-2: Foul Ball, location: 2F
2-2: Strikes out swinging
Top of the 3rd over - 0 run(s), 1 hit(s), 0 error(s), 1 left on base; Chicago 0 - Wizarding AC 0
BOTTOM OF THE 3RD
Wizarding AC Ravenclaws batting - Pitching for Chicago Gold Sox : RHP Ralph McKinney
Batting: LHB Stephen Baird 0-0: Ball
1-0: Ball
2-0: Swinging Strike
2-1: Foul Ball, location: 2F
2-2: Strikes out looking
Batting: RHB Tom Reynolds 0-0: Ball
1-0: Ball
2-0: Foul Ball, location: 2F
2-1: Called Strike
2-2: Strikes out looking
Batting: LHB Jerry Harris 0-0: Ball
1-0: Ball
2-0: Ball
3-0: Ground out 6-3 (Groundball, 6M)
Bottom of the 3rd over - 0 run(s), 0 hit(s), 0 error(s), 0 left on base; Chicago 0 - Wizarding AC 0
TOP OF THE 4TH
Chicago Gold Sox batting - Pitching for Wizarding AC Ravenclaws : RHP Tom Reynolds
Batting: RHB Pablo Trujillo 0-0: Called Strike
0-1: Ground out 5-3 (Groundball, 6)
Batting: RHB Chris Smith 0-0: Foul Ball, location: 2F
0-1: Swinging Strike
0-2: Ground out 6-3 (Groundball, 6)
Batting: LHB Herman Hayes 0-0: Called Strike
0-1: Called Strike
0-2: Foul Ball, location: 2F
0-2: Ball
1-2: Ball
2-2: Ball
3-2: Foul Ball, location: 2F
3-2: Foul Ball, location: 2F
3-2: Foul Ball, location: 2F
3-2: SINGLE (Flyball, 78S)
Batting: LHB Noel Ballard 0-0: Fly out, F3 (Popup, 3SF)
Top of the 4th over - 0 run(s), 1 hit(s), 0 error(s), 1 left on base; Chicago 0 - Wizarding AC 0
BOTTOM OF THE 4TH
Wizarding AC Ravenclaws batting - Pitching for Chicago Gold Sox : RHP Ralph McKinney
Batting: LHB William Wise 0-0: DOUBLE (Flyball, 89XD)
Batting: RHB Pedro Cruz 0-0: Swinging Strike
0-1: Foul Ball, location: 2F
0-2: Ball
1-2: Ball
2-2: Ball
3-2: Foul Ball, location: 2F
3-2: Strikes out looking
Batting: LHB Dave Lee 0-0: Ball
1-0: Ball
2-0: Swinging Strike
2-1: Ball
3-1: Fly out, F7 (Line Drive, 7S)
Batting: LHB Walter Kirk 0-0: Foul Ball, location: 2F
0-1: Ball
1-1: Ball
2-1: Swinging Strike
2-2: Strikes out looking
Bottom of the 4th over - 0 run(s), 1 hit(s), 0 error(s), 1 left on base; Chicago 0 - Wizarding AC 0
TOP OF THE 5TH
Chicago Gold Sox batting - Pitching for Wizarding AC Ravenclaws : RHP Tom Reynolds
Batting: RHB Tyrone Scott 0-0: Ball
1-0: Ground out 5-3 (Groundball, 5)
Batting: LHB Adrián Rodríguez 0-0: Called Strike
0-1: Ball
1-1: Ball
2-1: Foul Ball, location: 2F
2-2: Foul Ball, location: 2F
2-2: Ball
3-2: Strikes out swinging
Batting: RHB José Ramos 0-0: Ball
1-0: Foul Ball, location: 2F
1-1: Ball
2-1: Swinging Strike
2-2: Ball
3-2: Strikes out swinging
Top of the 5th over - 0 run(s), 0 hit(s), 0 error(s), 0 left on base; Chicago 0 - Wizarding AC 0
BOTTOM OF THE 5TH
Wizarding AC Ravenclaws batting - Pitching for Chicago Gold Sox : RHP Ralph McKinney
Batting: RHB Pablo León 0-0: Ball
1-0: Foul Ball, location: 2F
1-1: Swinging Strike
1-2: Strikes out swinging
Batting: RHB Juan Torres 0-0: SINGLE (Groundball, 6MD)
Batting: LHB Stephen Baird 0-0: Ball
1-0: Foul Ball, location: 2F
1-1: Ball
2-1: Swinging Strike
2-2: Foul Ball, location: 2F
2-2: Fielders Choice at 2nd, 3-6 (Groundball, 3)
Batting: RHB Tom Reynolds 0-0: Called Strike
0-1: Foul Ball, location: 2F
0-2: Ball
1-2: Foul Ball, location: 2F
1-2: Strikes out swinging
Bottom of the 5th over - 0 run(s), 1 hit(s), 0 error(s), 1 left on base; Chicago 0 - Wizarding AC 0
TOP OF THE 6TH
Chicago Gold Sox batting - Pitching for Wizarding AC Ravenclaws : RHP Tom Reynolds
Batting: RHB Ralph McKinney 0-0: Ball
1-0: Swinging Strike
1-1: Ball
2-1: Foul Ball, location: 2F
2-2: Ball
3-2: Strikes out looking
Batting: RHB Daniel Lallanilla 0-0: Ball
1-0: Called Strike
1-1: Called Strike
1-2: SINGLE (Line Drive, 6M)
Batting: RHB Pablo Trujillo 0-0: Ball
1-0: Grounds into double play, 6-4-3 (Groundball, 6)
Top of the 6th over - 0 run(s), 1 hit(s), 0 error(s), 0 left on base; Chicago 0 - Wizarding AC 0
BOTTOM OF THE 6TH
Wizarding AC Ravenclaws batting - Pitching for Chicago Gold Sox : RHP Ralph McKinney
Batting: LHB Jerry Harris 0-0: Called Strike
0-1: Fly out, F6 (Popup, 6D)
Batting: LHB William Wise 0-0: Fly out, F7 (Flyball, 7D)
Batting: RHB Pedro Cruz 0-0: Called Strike
0-1: Fly out, F7 (Line Drive, 7M)
Bottom of the 6th over - 0 run(s), 0 hit(s), 0 error(s), 0 left on base; Chicago 0 - Wizarding AC 0
TOP OF THE 7TH
Chicago Gold Sox batting - Pitching for Wizarding AC Ravenclaws : RHP Tom Reynolds
Batting: RHB Chris Smith 0-0: Ball
1-0: Ball
2-0: Ball
3-0: Called Strike
3-1: Fly out, F8 (Flyball, 8LD)
Batting: LHB Herman Hayes 0-0: Ball
1-0: Ball
2-0: Foul Ball, location: 2F
2-1: Ground out U3 (Groundball, 3L)
Batting: LHB Noel Ballard 0-0: Swinging Strike
0-1: Ball
1-1: Ball
2-1: Called Strike
2-2: Ball
3-2: Foul Ball, location: 2F
3-2: Foul Ball, location: 2F
3-2: Base on Balls
Batting: RHB Tyrone Scott 0-0: Called Strike
0-1: Foul Ball, location: 2F
0-2: Ball
Noel Ballard steals 2nd base
1-2: Strikes out looking
Top of the 7th over - 0 run(s), 0 hit(s), 0 error(s), 1 left on base; Chicago 0 - Wizarding AC 0
BOTTOM OF THE 7TH
Wizarding AC Ravenclaws batting - Pitching for Chicago Gold Sox : RHP Ralph McKinney
Batting: LHB Dave Lee 0-0: Called Strike
0-1: Ground out 4-3 (Groundball, 34)
Batting: LHB Walter Kirk 0-0: Ball
1-0: Ball
2-0: Called Strike
2-1: Ground out 4-3 (Groundball, 4)
Batting: RHB Pablo León 0-0: Called Strike
0-1: Called Strike
0-2: Strikes out swinging
Bottom of the 7th over - 0 run(s), 0 hit(s), 0 error(s), 0 left on base; Chicago 0 - Wizarding AC 0
TOP OF THE 8TH
Chicago Gold Sox batting - Pitching for Wizarding AC Ravenclaws : RHP Tom Reynolds
Batting: LHB Adrián Rodríguez 0-0: Ball
1-0: Called Strike
1-1: Called Strike
1-2: Strikes out swinging
Batting: RHB José Ramos 0-0: Ball
1-0: Ball
2-0: Foul Ball, location: 2F
2-1: Ball
3-1: Fly out, F8 (Flyball, 8RD)
Pinch Hitting: RHB Juan Orozco 0-0: Foul Ball, location: 2F
0-1: Called Strike
0-2: Ball
1-2: Ball
2-2: Strikes out swinging
Top of the 8th over - 0 run(s), 0 hit(s), 0 error(s), 0 left on base; Chicago 0 - Wizarding AC 0
BOTTOM OF THE 8TH
Wizarding AC Ravenclaws batting - Pitching for Chicago Gold Sox : RHP Ralph McKinney
Pitching: RHP John Hicks
Batting: RHB Juan Torres 0-0: Called Strike
0-1: Ball
1-1: Ball
2-1: Ground out 6-3 (Groundball, 6M)
Pitching: LHP Billy Black
Batting: LHB Stephen Baird 0-0: Ball
1-0: Swinging Strike
1-1: Ball
2-1: Ground out 4-3 (Groundball, 4)
Pinch Hitting: RHB Manuel González 0-0: Called Strike
0-1: Ball
1-1: Foul Ball, location: 2F
1-2: Ball
2-2: Strikes out swinging
Bottom of the 8th over - 0 run(s), 0 hit(s), 0 error(s), 0 left on base; Chicago 0 - Wizarding AC 0
TOP OF THE 9TH
Chicago Gold Sox batting - Pitching for Wizarding AC Ravenclaws : RHP Tom Reynolds
Pitching: RHP Victor Burgess
Batting: RHB Daniel Lallanilla 0-0: Ball
1-0: Called Strike
1-1: SOLO HOME RUN (Flyball, 7D), Distance : 368 ft
Batting: RHB Pablo Trujillo 0-0: SINGLE (Line Drive, 4MD)
Batting: RHB Chris Smith 0-0: Ball
1-0: Called Strike
1-1: 2-RUN HOME RUN (Flyball, 7D), Distance : 459 ft
Pitching: RHP Dave Strong
Batting: LHB Herman Hayes 0-0: Fly out, F8 (Flyball, 8RM)
Batting: LHB Noel Ballard 0-0: Swinging Strike
0-1: Ball
1-1: Ball
2-1: Ball
3-1: Swinging Strike
3-2: Foul Ball, location: 2F
3-2: Strikes out swinging
Batting: RHB Tyrone Scott 0-0: Fly out, F7 (Flyball, 7M)
Top of the 9th over - 3 run(s), 3 hit(s), 0 error(s), 0 left on base; Chicago 3 - Wizarding AC 0
BOTTOM OF THE 9TH
Wizarding AC Ravenclaws batting - Pitching for Chicago Gold Sox : LHP Billy Black
Pitching: LHP Walt Johnston
Now in RF: Craig Stewart
Batting: LHB Jerry Harris 0-0: Ball
1-0: Called Strike
1-1: Ball
2-1: Ground out 4-3 (Groundball, 4)
Batting: LHB William Wise 0-0: Called Strike
0-1: Foul Ball, location: 2F
0-2: SINGLE (Line Drive, 9S)
Batting: RHB Pedro Cruz 0-0: Ball
1-0: Ball
2-0: Ball
3-0: Called Strike
3-1: Called Strike
3-2: Foul Ball, location: 2F
3-2: Strikes out swinging
Batting: LHB Dave Lee 0-0: Ball
1-0: Ball
2-0: Foul Ball, location: 2F
2-1: Ball
3-1: Fly out, F9 (Flyball, 89M)
Bottom of the 9th over - 0 run(s), 1 hit(s), 0 error(s), 1 left on base; Chicago 3 - Wizarding AC 0
This league is powered by Out of the Park Baseball, the baseball management simulation game for PC, Mac and Linux
Saturday, July 25th, 2015 - OOTP Baseball 15.6 Build 34